AoeStats
← Chris

Arena

507402171Analyzed
4v4 RM · 13d ago on Sep 18, 2026· 22m 10s· 8 players
Game mode
Random Map
Map size
Large (8 player)
Population
200
Speed
Normal
Resources
Standard
Victory
Conquest
Starting age
Dark Age
Ending age
Imperial Age
RankedLock teamsTeams togetherTeam positionsShared explorationLock speedFull tech treeHidden civsTurbo modeCheats
Victory
Defeat
🇺🇸 Bohemians · United States
1278
+15
🇺🇸 Hindustanis · United States
1278
+15
🇺🇸 Lithuanians · United States
1275
+15
🇺🇸 Koreans · United States
1265
+16
🇺🇸 Teutons · United States
1296
-16
🇲🇽 Koreans · Mexico
1268
-16
🇨🇦 Chinese · Canada
1242
-15
🇦🇺 Malay · Australia
1218
-14
FullmetalZimm
11:34 Feudal Age
15:26 Castle Age
15:32 Double-Bit Axe
16:12 Loom
17:33 Wheelbarrow
Solaire (Praise the Sun)
9:47 Feudal Age
10:31 Feudal Age
12:13 Loom
16:23 Castle Age
17:23 Wheelbarrow
17:11 Double-Bit Axe
22:27 Horse Collar
23:00 Bow Saw
Chris
mattramone
9:25 Loom
11:10 Feudal Age
17:04 Castle Age
16:03 Double-Bit Axe
22:33 Bow Saw
MORIS0202
Tattletale Strangler
8:49 Feudal Age
7:31 Loom
11:46 Fletching
15:08 Town Watch
eward17
0:28 Loom
ragamuffin
Connection lost

Rejoining the realm…

Still unreachable

The connection could not be restored.

Session expired

The server has moved on; the page needs a fresh start.